 Dungeon Crawl Stone Soup version 0.17-a0-968-gf8e1f1d (webtiles) character file.

3943 Gorice the Thaumaturge (level 10, -1/50 HPs)
             Began as a Deep Elf Wanderer on May 9, 2015.
             Was a High Priest of Sif Muna.
             Killed by the air
             ... invoked by Gastronok
              (15 damage)
             ... on level 8 of the Dungeon.
             The game lasted 01:20:01 (10460 turns).

Gorice the Thaumaturge (Deep Elf Wanderer)         Turns: 10460, Time: 01:20:02

Health: -1/50      AC:  6    Str: 11    XL:     10   Next: 1%
Magic:  8/26       EV: 10    Int: 21    God:    Sif Muna [*****.]
Gold:   502        SH:  0    Dex: 12    Spells: 7 memorised, 13 levels left

rFire  . . .     SeeInvis .     a - +0 short sword (freeze)
rCold  . . .     Clarity  .     o - +0 leather armour
rNeg   . . .     SustAb   .     (no shield)
rPois  .         Gourm    .     E - +2 helmet
rElec  .         Spirit   .     (no cloak)
rCorr  .         Warding  .     (no gloves)
rMut   .         Stasis   .     (no boots)
MR     +....                    g - amulet of regeneration
Stlth  +.........               (no ring)
                                (no ring)

@: about to teleport, slowed, very slow, somewhat resistant to hostile
enchantments, very unstealthy
A: no striking features
a: Channel Energy, Forget Spell, Renounce Religion


You were on level 8 of the Dungeon.
You worshipped Sif Muna.
Sif Muna was extremely pleased with you.
You were not hungry.

You visited 2 branches of the dungeon, and saw 11 of its levels.

You collected 502 gold pieces.

Inventory:

Hand weapons
 a - a +0 short sword of freezing (weapon)
   (You took it off a kobold on level 2 of the Dungeon)
 b - a +0 blowgun
 d - a +0 dagger
 A - a +2 scimitar
Missiles
 y - 8 tomahawks (quivered)
 D - 3 curare-tipped needles
 N - 18 poisoned needles
 Z - 385 stones
Armour
 l - a +0 ring mail
 o - a +0 leather armour (worn)
 E - a +2 helmet (worn)
Jewellery
 g - an amulet of regeneration (around neck)
 t - an uncursed amulet of the gourmand
Magical devices
 c - a wand of teleportation (9) {!d}
 q - a wand of slowing (17)
 x - a wand of flame (15)
 K - a wand of random effects (14)
 M - a wand of slowing (11)
 O - a wand of frost (19)
Scrolls
 F - 2 scrolls of magic mapping {!r}
 G - 2 scrolls of recharging
 H - a scroll of remove curse
Potions
 f - a potion of berserk rage {unknown}
 h - a potion of heal wounds {!q}
 j - 2 potions of brilliance {!q}
 k - a potion of magic {!q}
 m - 4 potions of curing
 n - a potion of agility {!q}
 p - 3 potions of might {!q}
 s - a potion of invisibility {unknown}
 v - a potion of flight {unknown}
 C - a potion of mutation {unknown}
 I - a potion of cure mutation {unknown}
Books
 r - a book of Air
 u - a book of Maledictions
 w - a book of Minor Magic
 B - Sif Muna's Handbook of the Compass

   Spells                             Type                      Level
   a - Apportation                    Translocation                1
   b - Portal Projectile              Translocation                3
Comestibles
 e - 7 bread rations {!e}
 i - 6 meat rations {!e}
 z - 3 fruits


   Skills:
 - Level 1.1 Throwing
 - Level 1.2 Stealth
 + Level 10.3 Spellcasting
 * Level 9.3 Conjurations
 - Level 1.3 Hexes
 + Level 7.2 Charms
 - Level 5.2 Summonings
   Level 1.2 Necromancy
 - Level 6.4 Fire Magic
 - Level 1.1 Poison Magic


You had 13 spell levels left.
You knew the following spells:

 Your Spells              Type           Power        Failure   Level  Hunger
a - Magic Dart            Conj           ####         1%          1    None
b - Mephitic Cloud        Conj/Pois/Air  ####....     8%          3    None
c - Conjure Flame         Conj/Fire      #####...     1%          3    None
d - Dazzling Spray        Conj/Hex       ####....     3%          3    None
i - Call Imp              Summ           ####....     1%          2    None
M - Repel Missiles        Chrm/Air       ####..       2%          2    None
S - Swiftness             Chrm/Air       ####....     2%          2    None


Dungeon Overview and Level Annotations

Branches:
Dungeon (10/15)            Temple (1/1) D:4
   Lair: D:8-11         Orc: D:9-12

Altars:
Cheibriados
Dithmenos
Elyvilon
Fedhas
Gozag
Kikubaaqudgha
Nemelex Xobeh
Okawaru
Qazlal
Ru
Sif Muna
Trog
Vehumet
Xom
Yredelemnul
Zin
The Shining One

Shops:
D:5 :

Annotations:
D:3 missing 1d
D:6 vpUX: deep moat round fort
D:8 Gastronok
D:9 UX: shaft passthru, Erolcha; namelastname112's ghost, experienced DrEn
D:10 UX: shafted here


Message History

The river rat twitches its whiskers.
The river rat bites you.
Gastronok gurgles, "I bet you'll be tasty."
Gastronok looks at you and mumbles some strange words.
You feel yourself slow down.
Damage: 5 (max 8)
Casting: Conjure Flame
Confirm with . or Enter, or press ? or * to list all spells.
Aiming: Magic Dart
Press: ? - help, Shift-Dir - straight line, f - Gastronok
Aim: Gastronok, wearing a glowing hat The magic dart hits Gastronok.
Gastronok is lightly wounded.
The bat hits you but does no damage. The bat barely misses you.
The river rat barely misses you. The bat hits you but does no damage.
The river rat bites you!
Damage: 6 (max 8)
Casting: Magic Dart
Confirm with . or Enter, or press ? or * to list all spells.
Aiming: Conjure Flame
Press: ? - help, Dir - move target cursor, p - Gastronok The fire roars with new energy!
The bat hits you but does no damage. The bat closely misses you.
The river rat closely misses you.
Casting: Conjure Flame
Confirm with . or Enter, or press ? or * to list all spells.
A shadowy apparition takes form in the air.
The bat hits you but does no damage. x2
The river rat barely misses you. The bat hits you.
Gastronok is engulfed in roaring flames.
Gastronok waves his eye-stalks in wide circles.
The air twists around and strikes you!
The river rat bites you but does no damage.
Damage: 23 (max 23)
You hit the bat but do no damage. The bat hits you but does no damage.
The bat hits you but does no damage. x2
The river rat bites you.
* * * LOW HITPOINT WARNING * * *
Your shadow imp is engulfed in roaring flames.
You kill your shadow imp!
Damage: 3 (max 23) Read which item? (? for menu, Esc to quit)
Really read
J - a scroll of teleportation {!r}?
As you read the scroll of teleportation {!r}, it crumbles to dust.
You feel strangely unstable. The bat closely misses you.
The bat hits you but does no damage. x2
The river rat bites you but does no damage. x2
Gastronok is engulfed in roaring flames.
Gastronok waves his eye-stalks in wide circles.
The air twists around and strikes you!
You die...

.% ... ....
.....
...w..#######
#rb§§>.§##
#######.§##
##wr## ##@b#
####


You could see Gastronok, a river rat and a bat.

Vanquished Creatures
  Pikel (D:7)
  Sigmund (D:6)
  A hippogriff (D:10)
  A hungry ghost (D:7)
  Edmund (D:6)
  3 orc warriors
  A wasp (D:7)
  3 ice beasts
  2 sky beasts (D:6)
  2 ogres
  A necrophage (D:6)
  A phantom (D:7)
  A big kobold (D:6)
  2 giant frogs
  4 scorpions
  2 wights (D:7)
  3 electric eels (D:6)
  4 crimson imps
  A centaur zombie (D:8)
  10 orc wizards
  Natasha (twice) (D:4)
  4 iguanas
  An orc priest (D:4)
  7 worker ants
  A hound zombie (D:6)
  3 hound skeletons
  13 gnolls
  A worker ant zombie (D:7)
  14 adders
  A shadow imp (D:8)
  A white imp (D:7)
  An ooze (D:2)
  2 adder zombies
  5 worms
  3 giant geckos
  30 orcs
  29 hobgoblins
  3 jackals (D:2)
  2 quokkas
  18 bats
  7 giant cockroaches
  2 giant gecko skeletons (D:4)
  A giant gecko zombie (D:7)
  6 giant newts
  27 goblins
  22 kobolds
  A quokka skeleton (D:6)
  17 rats
269 creatures vanquished.

Vanquished Creatures (collateral kills)
  Blork the orc (D:5)
  A wight (D:7)
  A gnoll (D:6)
  An orc (D:9)
  3 goblins (D:6)
  8 hobgoblins (D:6)
15 creatures vanquished.

Vanquished Creatures (others)
  3 crimson imps
  A giant frog skeleton (D:7)
  An iron imp (D:10)
  An adder (D:7)
  A white imp (D:4)
  3 shadow imps
  A hobgoblin (D:7)
  A rat (D:7)
12 creatures vanquished.

Grand Total: 296 creatures vanquished

Notes
Turn   | Place    | Note
--------------------------------------------------------------
     0 | D:1      | Gorice, the Deep Elf Wanderer, began the quest for the Orb.
     0 | D:1      | Gorice set off with: a book of Minor Magic, Sif Muna's Handbook of the Compass, a +0 robe, a +0 dagger, a bread ration {!e}
     0 | D:1      | Reached XP level 1. HP: 10/10 MP: 7/7
     0 | D:1      | Identified Sif Muna's Handbook of the Compass
     2 | D:1      | Learned a level 1 spell: Magic Dart
   156 | D:1      | Reached skill level 3 in Conjurations
   156 | D:1      | Reached XP level 2. HP: 9/15 MP: 1/9
   277 | D:1      | --s11i16d12 4.4 spellcast
  1031 | D:2      | Reached XP level 3. HP: 19/19 MP: 3/11
  1207 | D:2      | Reached skill level 5 in Spellcasting
  1223 | D:2      | Reached skill level 4 in Conjurations
  1594 | D:2      | Found an iron altar of Okawaru.
  1652 | D:2      | Reached XP level 4. HP: 18/24 MP: 11/13
  1656 | D:2      | Learned a level 2 spell: Call Imp
  1660 | D:2      | Learned a level 3 spell: Conjure Flame
  2254 | D:2      | Reached skill level 5 in Conjurations
  2275 | D:2      | Reached XP level 5. HP: 16/28 MP: 6/15
  2994 | D:4      | Reached skill level 6 in Spellcasting
  3177 | D:4      | Reached XP level 6. HP: 32/32 MP: 13/17
  3227 | D:4      | Reached skill level 1 in Summonings
  3249 | D:4      | Found a sparkling altar of Nemelex Xobeh.
  3249 | D:4      | Found an opulent altar of Gozag.
  3274 | D:4      | HP: 8/32 [worker ant (5)]
  3382 | D:3      | Learned a level 2 spell: Swiftness
  3383 | D:4      | Found a staircase to the Ecumenical Temple.
  3460 | Temple   | Entered the Ecumenical Temple
  3517 | Temple   | Became a worshipper of Sif Muna the Loreminder
  3611 | D:4      | Reached skill level 1 in Fire Magic
  3644 | D:4      | Noticed an ogre
  3659 | D:4      | Killed an ogre
  3659 | D:4      | Reached skill level 2 in Summonings
  3793 | D:4      | Reached skill level 2 in Fire Magic
  3795 | D:4      | Noticed an orc warrior
  4064 | D:3      | Found a white marble altar of Elyvilon.
  4115 | D:4      | Reached XP level 7. HP: 33/36 MP: 14/19
  4123 | D:4      | Reached skill level 3 in Fire Magic
  4200 | D:4      | Noticed Natasha
  4204 | D:4      | Killed Natasha
  4204 | D:4      | Acquired Sif Muna's first power
  4204 | D:4      | Reached skill level 3 in Summonings
  4434 | D:4      | Killed an orc warrior
  4434 | D:4      | Reached skill level 7 in Spellcasting
  4619 | D:4      | Noticed Natasha
  4620 | D:4      | Killed Natasha
  4651 | D:4      | Reached skill level 4 in Fire Magic
  4680 | D:4      | HP: 9/36 [orc wizard/magic dart (9)]
  4798 | D:5      | Entered Level 5 of the Dungeon
  4845 | D:5      | Reached skill level 4 in Summonings
  4891 | D:5      | HP: 10/36 [orc/flail (7)]
  5041 | D:5      | Found a sacrificial altar of Ru.
  5043 | D:5      | Found a white marble altar of Elyvilon.
  5465 | D:5      | Found Egrafuma's Book Emporium.
  5549 | D:5      | Noticed Blork the orc
  5571 | D:5      | Killed Blork the orc
  6072 | D:6      | Acquired Sif Muna's second power
  6072 | D:6      | Reached XP level 8. HP: 26/41 MP: 16/21
  6142 | D:5      | Learned a level 3 spell: Mephitic Cloud
  6145 | D:5      | Learned a level 2 spell: Repel Missiles
  6150 | D:5      | Learned a level 3 spell: Dazzling Spray
  6198 | D:6      | Reached skill level 5 in Summonings
  6198 | D:6      | Reached skill level 5 in Fire Magic
  6514 | D:6      | Noticed Sigmund
  6530 | D:6      | Killed Sigmund
  6530 | D:6      | Reached skill level 1 in Charms
  6539 | D:6      | Reached skill level 8 in Spellcasting
  6546 | D:6      | Reached skill level 2 in Charms
  6686 | D:6      | Reached skill level 6 in Fire Magic
  7013 | D:6      | Reached skill level 3 in Charms
  7107 | D:6      | Reached skill level 6 in Conjurations
  7215 | D:6      | Noticed Edmund
  7249 | D:6      | Killed Edmund
  7496 | D:6      | Reached skill level 4 in Charms
  7496 | D:6      | Reached XP level 9. HP: 40/45 MP: 1/23
  7906 | D:6      | Found a snail-covered altar of Cheibriados.
  8016 | D:6      | Reached skill level 9 in Spellcasting
  8016 | D:6      | Reached skill level 7 in Conjurations
  8393 | D:7      | Reached skill level 5 in Charms
  8728 | D:7      | Acquired Sif Muna's third power
  8910 | D:7      | Reached skill level 8 in Conjurations
  9386 | D:7      | Noticed Pikel
  9402 | D:7      | Killed Pikel
  9402 | D:7      | Reached skill level 10 in Spellcasting
  9402 | D:7      | Reached skill level 6 in Charms
  9576 | D:7      | Reached skill level 9 in Conjurations
  9975 | D:8      | You fall through a shaft for 2 floors!
  9975 | D:10     | Entered Level 10 of the Dungeon
 10017 | D:10     | HP: 11/45 [ice beast (14)]
 10038 | D:10     | Reached skill level 7 in Charms
 10225 | D:9      | Noticed Erolcha
 10251 | D:9      | Noticed namelastname112's ghost (experienced DrEn)
 10258 | D:9      | HP: 2/45 [Erolcha/bolt of fire (23)]
 10281 | D:9      | Reached XP level 10. HP: 21/50 MP: 0/26
 10413 | D:8      | Noticed Gastronok
 10459 | D:8      | HP: 13/50 [river rat[Gastronok] (4)]
 10460 | D:8      | Killed from afar by Gastronok

Action                   |  1- 3 |  4- 6 |  7- 9 | 10-12 || total
-------------------------+-------+-------+-------+-------++-------
Melee: Dagger            |     9 |       |       |       ||     9
       Short sword       |       |    59 |   253 |     3 ||   315
 Fire: Blowgun           |       |       |     3 |       ||     3
 Cast: Magic Dart        |    87 |   217 |   448 |     3 ||   755
       Conjure Flame     |       |     6 |    49 |    12 ||    67
       Call Imp          |       |       |    21 |     2 ||    23
       Mephitic Cloud    |       |       |    18 |     1 ||    19
       Dazzling Spray    |       |       |     2 |       ||     2
       Repel Missiles    |       |       |     1 |       ||     1
Invok: Channel Energy    |       |       |     6 |    12 ||    18
Evoke: Wand              |       |       |     5 |       ||     5
  Use: Scroll            |     3 |     7 |     9 |     1 ||    20
       Potion            |       |     2 |     4 |       ||     6
 Stab: Confused          |       |       |     2 |       ||     2
  Eat: Chunk             |     2 |     9 |    28 |     1 ||    40
       Pizza             |       |       |     2 |       ||     2
       Beef jerky        |       |       |     2 |       ||     2
       Meat ration       |       |       |       |     1 ||     1

Table legend:
 A = Turns spent in this place as a percentage of turns spent in the entire game.
 B = Non-inter-level travel turns spent in this place as a percentage of non-inter-level travel turns spent in the entire game.
 C = Inter-level travel turns spent in this place as a percentage of turns spent in this place.
 D = Turns resting spent in this place as a percentage of non-inter-level travel turns spent in this place.
 E = Turns spent auto-exploring this place as a percentage of non-inter-level travel turns spent in this place.
 F = Non-inter-level travel turns spent in this place divided by the number of levels of this place that you've seen.
                   A       B       C       D       E      F
               +-------+-------+-------+-------+-------+----------------------
         Total | 100.0 | 100.0 |   0.3 |   3.4 |   4.7 | 369.3
       Dungeon |  98.5 |  98.5 |   0.3 |   3.5 |   4.7 | 400.0
        Temple |   1.5 |   1.5 |   0.0 |   0.0 |   4.8 |  62.0
               +-------+-------+-------+-------+-------+----------------------

Vault maps used:
D:1:      noname_arrival_rooms_in_the_neighbourhood
D:2:      okawaru_metal_pillars_1_2
D:3:      lemuel_upstairs_altar, kennysheep_generic_room_15
D:4:      grunt_temple_overflow_opulence, temple_fountains, uniq_natasha
D:5:      gammafunk_temple_overflow_pools, first_bread, serial_shops,
          kennysheep_mini, patterned_corridor, uniq_blork_the_orc
D:6:      minmay_goblin_kobold_castle, kennysheep_mini_moat, uniq_edmund,
          uniq_sigmund
D:7:      kennysheep_six_static_rooms, uniq_pikel
D:8:      overflow_temple_1_default, lair_0_dummy, serial_shops, shop,
          the_bakery, uniq_gastronok, uniq_joseph
D:9:      makhleb_altar_promises_db, uniq_erica, uniq_erolcha
D:10:     grunt_ministairs_10, eino_house_with_fridge, uniq_sonja
Temple:   triangle_lava_temple_11
